 Dungeon Crawl Stone Soup version 0.30-a0-140-gd1020e658a (webtiles) character file.

Game seed: 14303328519551400604

68 qw the Chopper (level 4, 0/28 HPs)
             Began as a Gargoyle Fighter on Sept 24, 2022.
             Slain by a gnoll
             ... wielding a +0 spear
              (4 damage)
             ... on level 2 of the Dungeon.
             The game lasted 00:00:32 (1302 turns).

qw the Chopper (Gargoyle Fighter)                   Turns: 1302, Time: 00:00:32

Health: 0/28       AC: 10    Str: 21    XL:     4   Next: 19%
Magic:  4/4        EV:  9    Int:  9    God:
Gold:   28         SH:  4    Dex:  9    Spells: 3/3 levels left

rFire   . . .      SeeInvis .    Y - +0 war axe
rCold   . . .      Faith    .    c - +0 buckler
rNeg    + . .      Spirit   .    b - +0 scale mail
rPois   inf        Reflect  .    (no helmet)
rElec   +          Harm     .    (no cloak)
rCorr   .          Rampage  .    (no gloves)
Will    .....                    (no boots)
Stlth   ..........               (no amulet)
HPRegen 0.09/turn                (no ring)
MPRegen 0.09/turn                (no ring)

@: no status effects
A: sickness immunity, AC +3, negative energy resistance 1, electricity
resistance, torment resistance 1, petrification resistance
a: no special abilities


You were on level 2 of the Dungeon.
You visited 1 branch of the dungeon, and saw 2 of its levels.

You collected 133 gold pieces.
You spent 105 gold pieces at shops.


Innate Abilities, Weirdness & Mutations

You are immune to sickness and miasma.
Your stone body is resilient. (AC +3)
You are immune to poison.
You resist negative energy. (rN+)
You are resistant to electric shocks. (rElec)
You are resistant to unholy torment.
You are immune to petrification.


   Skills:
 - Level 3.2 Fighting
 + Level 3.9 Axes
 - Level 3.2 Armour
 - Level 3.2 Shields


You had 3 spell levels left.
You didn't know any spells.
Your spell library was empty.

Inventory:

Hand Weapons
 l - a +0 whip
 Y - a +0 war axe (weapon)
Armour
 b - a +0 scale mail (worn)
 c - a +0 buckler (worn)
 h - a +1 hat
Scrolls
 a - 2 scrolls of identify
 e - a scroll of vulnerability {unknown}
 j - a scroll of teleportation {unknown}
 k - a scroll of enchant armour
Potions
 d - 2 potions of might
 f - a potion of haste
 g - a potion of brilliance {unknown}
 i - a potion of degeneration {unknown}

Dungeon Overview and Level Annotations

Branches:
Dungeon (2/15)

Altars:
Dithmenos

Shops:
D:2 ?


Message History

You hit the gnoll.
The gnoll is severely wounded.
You hit the gnoll.
The gnoll is moderately wounded.
You slash the gnoll!
You kill the gnoll!
You block the gnoll's attack. The gnoll closely misses you.
You barely miss the gnoll.
The gnoll is severely wounded.
The gnoll barely misses you. The gnoll hits you with a +0 flail.
You closely miss the gnoll.
The gnoll is severely wounded.
The gnoll closely misses you. The gnoll hits you with a +0 flail!
You block the gnoll's attack.
The gnoll shouts!
You hit the gnoll but do no damage.
The gnoll is severely wounded.
You barely miss the gnoll. The gnoll hits you but does no damage.
The gnoll barely misses you. You block the gnoll's attack.
You slash the gnoll!
You kill the gnoll!
You barely miss the gnoll.
The gnoll hits you but does no damage. x2
You have reached level 4!
You feel clever.
You completely miss the gnoll. You block the gnoll's attack.
The gnoll hits you with a +0 club. The gnoll hits you but does no damage.
The gnoll hits you with a +0 club.
You hit the gnoll.
The gnoll is moderately wounded.
The gnoll hits you but does no damage. You block the gnoll's attack.
You slash the gnoll!
You kill the gnoll!
The gnoll hits you from afar with a +0 spear.
You block the gnoll's attack.
You see here a +0 flail.
You hit the gnoll.
The gnoll is heavily wounded.
The gnoll hits you with a +0 spear.
You die...

#.###..........### #.#
#...........###
######.###......#.......
................####.##.
PPPP........###.........
..$P............##.#.#.#
..PPP.))....######.#....
PP.#....## #.#....
#@...# #......
P..P...g...# ###....
PP.....)#### #....
.......## ##### #.....#
######


You could see a gnoll.

Vanquished Creatures
  3 gnolls (D:2)
  2 worms (D:2)
  A dart slug (D:1)
  5 endoplasms (D:1)
  4 giant cockroaches (D:1)
  2 goblins
  2 hobgoblins
  5 kobolds
  4 ball pythons
  A frilled lizard (D:1)
29 creatures vanquished.

Notes
Turn   | Place    | Note
-------+----------+-------------------------------------------
     0 | D:1      | qw the Gargoyle Fighter began the quest for the Orb.
     0 | D:1      | Reached XP level 1. HP: 14/14 MP: 1/1
     0 | D:1      | 0 ||| qw: Version: 0.1.0-9-gbc19398
     0 | D:1      | 0 ||| qw: Game counter: 17
     0 | D:1      | 0 ||| qw: Always use a shield: true
     0 | D:1      | 0 ||| qw: God list: Okawaru
     0 | D:1      | 0 ||| qw: Allow faded altars: false
     0 | D:1      | 0 ||| qw: Do Orc after D:15 true
     0 | D:1      | 0 ||| qw: Do second Lair branch before Depths: true
     0 | D:1      | 0 ||| qw: Lair rune preference: random
     0 | D:1      | 0 ||| qw: Plans: Normal, Zot:1-4, God:TSO, Crypt, Tomb,
                  | Pan, Slime:5, Hells, Abyss, Orb
     0 | D:1      | 0 ||| PLANNING D:1-11
   180 | D:1      | 180 ||| Stepping ~*~*~tactically~*~*~ (stealth).
   187 | D:1      | Reached XP level 2. HP: 15/19 MP: 2/2
   192 | D:1      | 192 ||| Stepping ~*~*~tactically~*~*~ (stealth).
   588 | D:1      | Reached skill level 3 in Axes
   769 | D:1      | Reached XP level 3. HP: 21/23 MP: 3/3
   820 | D:1      | 820 ||| READING 2 scrolls labelled COYPNUO QEEGRU.
   821 | D:1      | 821 ||| READING scroll labelled OZAVOR YKOATU.
   822 | D:1      | 822 ||| READING 2 scrolls labelled TINLIOS LEAD.
   823 | D:1      | 823 ||| READING scroll labelled ZOPUAGGUMU.
   824 | D:1      | 824 ||| DRINKING 2 viscous pink potions.
   825 | D:1      | 825 ||| DROPPING scroll of amnesia.
   940 | D:2      | Found a shadowy altar of Dithmenos.
   977 | D:2      | Found Rufyodux's Magic Scroll Shoppe.
  1054 | D:2      | 1054 ||| BUYING scroll of enchant armour (105 gold).
  1054 | D:2      | Bought a scroll of enchant armour for 105 gold pieces
  1054 | D:2      | 1054 ||| SHOPLISTING scroll of enchant weapon (105 gold,
                  | have 2).
  1054 | D:2      | 1054 ||| SHOPLISTING scroll of identify (28 gold, have 2).
  1054 | D:2      | 1054 ||| SHOPLISTING scroll of teleportation (42 gold, have
                  | 2).
  1192 | D:2      | 1192 ||| DROPPING +0 club.
  1286 | D:2      | 1286 ||| Stepping ~*~*~tactically~*~*~ (stealth).
  1288 | D:2      | 1288 ||| Stepping ~*~*~tactically~*~*~ (stealth).
  1298 | D:2      | Reached XP level 4. HP: 8/28 MP: 4/4
  1298 | D:2      | HP: 6/28 [gnoll/+0 club (2)]
  1302 | D:2      | Slain by a gnoll

Levels and vault maps discovered:
D:1:      reono_arrival_forest_river, layout_basic
D:2:      layout_rooms, basic_altar, serial_shops, shop, nicolae_grassy_gnolls

Skill      XL: |  1  2 |
---------------+-------+-----
Axes           | 2 3 |  3.9
Fighting       | |  3.2
Armour         | |  3.2
Shields        | |  3.2

Action                   |  1- 3 |  4- 6 || total
-------------------------+-------+-------++-------
Melee: War axe           |    90 |     4 ||    94
  Use: Scroll            |     4 |       ||     4
       Potion            |     1 |       ||     1
Armor: Scale mail        |    35 |     2 ||    37
Dodge: Dodged            |    35 |       ||    35
Block: Buckler           |    13 |     3 ||    16

Table legend:
 A = Non-vault XP
 B = Vault XP
 C = Vault XP percentage of total XP
 D = Non-vault monster count
 E = Vault monster count
 F = Vault count percentage of total count
                 A         B        C        D         E       F
            +---------+---------+-------+---------+---------+-------
      Total |      55 |      43 |  43.9 |      26 |       3 |  10.3
            +---------+---------+-------+---------+---------+-------
        D:1 |      34 |       0 |   0.0 |      18 |       0 |   0.0
        D:2 |      21 |      43 |  67.2 |       8 |       3 |  27.3
            +---------+---------+-------+---------+---------+-------
